 Dungeon Crawl Stone Soup version 0.26-a0-831-g7192265339 (webtiles) character file.

Game seed: 5421494830960120788

470543 mhtbhm the Executioner (level 24, -6/185 HPs)
             Began as a Gargoyle Fighter on Nov 15, 2020.
             Was the Champion of Okawaru.
             Splashed by an ancient lich's acid (13 damage)
             ... on level 5 of the Vaults on Nov 16, 2020.
             The game lasted 01:52:01 (50002 turns).

mhtbhm the Executioner (Gargoyle Fighter)          Turns: 50002, Time: 01:52:01

Health: -6/185     AC: 53    Str: 40    XL:     24   Next: 34%
Magic:  23/23      EV:  5    Int: 16    God:    Okawaru [******]
Gold:   4327       SH: 35    Dex:  5    Spells: 23/23 levels left

rFire    + + +     SeeInvis .   U - +9 war axe of Terra Cotta {speed, rElec rF++}
rCold    + . .     Faith    .   c - +18 shield of the Gong {rElec rN+ MR+ EV-5}
rNeg     + + .     Spirit   .   R - +8 plate armour of Ennui {+Fly Str+6 Dex-4}
rPois    ∞         Reflect  .   p - +5 helmet of Iwadd {MR+}
rElec    +         Harm     .   P - scarf {rC+ rF+}
rCorr    .         Rampage  .   q - +2 pair of gloves
MR       +++++                  S - +0 pair of boots {run}
Stlth    ..........             T - amulet of Vitality {Regen+ HP+15}
HPRegen  0.80/turn              w - +6 ring of strength
MPRegen  0.18/turn              y - ring of the Mage {Wiz MR++ Int+3}

@: corroded, flying, studying 4 skills, quick
A: big wings, slimy green scales 1, blink, negative energy resistance 1,
electricity resistance, wild magic 1, unbreathing, petrification resistance, no
potion heal 1, rot immunity, AC +18
}: 3/15 runes: decaying, slimy, gossamer
a: Stop Flying, Blink, Heroism, Finesse, Renounce Religion


You were on level 5 of the Vaults.
You worshipped Okawaru.
Okawaru was exalted by your worship.
You visited 8 branches of the dungeon, and saw 42 of its levels.
You visited 1 bazaar.
You also visited: Trove, Sewer and Volcano.

You collected 6914 gold pieces.
You spent 2587 gold pieces at shops.

Inventory:

Hand Weapons
 n - a +5 spectral broad axe
 D - the +8 broad axe "Lesulaot" {venom, rC+ Str+2 Int+3}
   (Okawaru gifted it to you on level 1 of the Lair of Beasts)

   It poisons the flesh of those it strikes.
   It affects your strength (+2).
   It affects your intelligence (+3).
   It protects you from cold.
 K - the +11 morningstar of Tashro {protect, rF+}
   (You found it on level 5 of the Pits of Slime)

   It grants its wielder temporary protection when it strikes (+7 to AC).
   It protects you from fire.
 U - the +9 war axe of Terra Cotta (weapon) {speed, rElec rF++}
   (Okawaru gifted it to you on level 2 of the Spider Nest)

   Attacks with this weapon are significantly faster.
   It greatly protects you from fire.
   It insulates you from electricity.
 Y - the +7 executioner's axe "Mitotim" {vorpal, +Inv Str+4}
   (You took it off a deep elf elementalist on level 3 of the Elven Halls)

   It inflicts extra damage upon your enemies.
   It affects your strength (+4).
   It lets you turn invisible.
Missiles
 r - 14 curare-tipped darts (quivered)
Armour
 c - the +18 shield of the Gong (worn) {rElec rN+ MR+ EV-5}
   (You bought it in a shop on level 3 of the Vaults)

   It affects your evasion (-5).
   It insulates you from electricity.
   It protects you from negative energy.
   It affects your resistance to hostile enchantments.
 p - the +5 helmet of Iwadd (worn) {MR+}
   (You found it on level 3 of the Elven Halls)

   It affects your resistance to hostile enchantments.
 q - a +2 pair of gloves (worn)
 H - a +3 plate armour of cold resistance
 P - a scarf of resistance (worn)
 R - the +8 plate armour of Ennui (worn) {+Fly Str+6 Dex-4}
   (Okawaru gifted it to you on level 4 of the Lair of Beasts)

   It affects your strength (+6).
   It affects your dexterity (-4).
   It lets you fly.
 S - a +0 pair of boots of running (worn)
Jewellery
 h - an uncursed ring of protection from fire
 j - an uncursed ring of resist corrosion
 w - a +6 ring of strength (left hand)
 y - the ring of the Mage (right hand) {Wiz MR++ Int+3}
   (You found it on level 6 of the Lair of Beasts)

   [ring of wizardry]

   It improves your spell success rate.
   It affects your intelligence (+3).
   It affects your resistance to hostile enchantments.
 G - an uncursed ring of positive energy
 I - a +4 ring of evasion
 T - the amulet of Vitality (around neck) {Regen+ HP+15}
   (You found it on level 13 of the Dungeon)

   [amulet of regeneration]

   It affects your health (+15).
   It increases your rate of regeneration.
Wands
 f - a wand of disintegration (42)
 m - a wand of acid (14)
 s - a wand of paralysis (39)
 z - a wand of iceblast (18)
 B - a wand of enslavement (15)
 E - a wand of digging (10)
Scrolls
 e - 9 scrolls of identify
 i - 6 scrolls of holy word
 t - 7 scrolls of fear
 u - 4 scrolls of fog
 v - 2 scrolls of blinking
 A - 29 scrolls of teleportation
 F - 7 scrolls of enchant armour
 L - 13 scrolls of remove curse
 M - 14 scrolls of enchant weapon
 N - 2 scrolls of silence
 W - a scroll of brand weapon
Potions
 b - 4 potions of heal wounds
 d - 7 potions of might
 g - 14 potions of curing
 k - 4 potions of cancellation
 l - 2 potions of invisibility
 o - 4 potions of attraction
 x - 2 potions of berserk rage
 J - 4 potions of brilliance
 Q - 2 potions of haste
Books
 a - a manual of Throwing
 C - a manual of Long Blades
 V - a manual of
Armour
 X - a manual of Translocations
 Z - a manual of Translocations
Miscellaneous
 O - a condenser vane


   Skills:
 * Level 22.9 Fighting
 * Level 23.0 Axes
 + Level 4.2(17.3) Maces & Flails
 + Level 15.2 Armour
 + Level 4.2 Dodging
 - Level 4.9 Stealth
 + Level 21.2 Shields
 + Level 0.3 Invocations
 + Level 5.1 Evocations


You had 23 spell levels left.
You didn't know any spells.
Your spell library contained the following spells:

 Spells                   Type           Power        Failure   Level
 Animate Skeleton         Necr           #.....       38%         1
 Apportation              Tloc           #.....       38%         1
 Beastly Appendage        Tmut           #.....       38%         1
 Corona                   Hex            #......      38%         1
 Foxfire                  Conj/Fire      #...         38%         1
 Magic Dart               Conj           #...         38%         1
 Sandblast                Erth           #.....       38%         1
 Shock                    Conj/Air       #...         38%         1
 Sting                    Tmut/Pois      #...         38%         1
 Summon Small Mammal      Summ           #...         38%         1
 Blink                    Tloc           N/A          52%         2
 Call Imp                 Summ           #.......     52%         2
 Corpse Rot               Necr/Air       N/A          52%         2
 Ensorcelled Hibernation  Hex/Ice        #.....       52%         2
 Passwall                 Tmut/Erth      #.......     52%         2
 Slow                     Hex            #.......     52%         2
 Swiftness                Air            #.......     52%         2
 Wereblood                Tmut           #.......     52%         2
 Call Canine Familiar     Summ           #.......     75%         3
 Confusing Touch          Hex            #.......     75%         3
 Conjure Flame            Conj/Fire      #.......     75%         3
 Dazzling Flash           Conj/Hex       #.....       75%         3
 Gell's Gravitas          Tloc           #.........   75%         3
 Lesser Beckoning         Tloc           #.........   75%         3
 Mephitic Cloud           Conj/Pois/Air  #.......     75%         3
 Spider Form              Tmut/Pois      #.........   75%         3
 Static Discharge         Conj/Air       #.......     75%         3
 Stone Arrow              Conj/Erth      #.....       75%         3
 Summon Guardian Golem    Hex/Summ       #.......     75%         3
 Teleport Other           Tloc           #.......     75%         3
 Tukima's Dance           Hex            #.......     75%         3
 Airstrike                Air            #.........   98%         4
 Animate Dead             Necr           #.........   98%         4
 Cause Fear               Hex            #.........   98%         4
 Dispel Undead            Necr           #.......     98%         4
 Hailstorm                Conj/Ice       #.......     98%         4
 Ice Form                 Ice/Tmut       #.......     98%         4
 Iskenderun's Mystic Bla  Conj/Tloc      #.......     98%         4
 Passage of Golubria      Tloc           N/A          98%         4
 Petrify                  Tmut/Erth      #.......     98%         4
 Summon Ice Beast         Ice/Summ       #.......     98%         4
 Summon Lightning Spire   Summ/Air       #.......     98%         4
 Agony                    Necr           #.......     100%        5
 Blade Hands              Tmut           #.........   100%        5
 Borgnjor's Vile Clutch   Necr/Erth      #.........   100%        5
 Excruciating Wounds      Necr           #.........   100%        5
 Lee's Rapid Deconstruct  Erth           #.........   100%        5
 Lightning Bolt           Conj/Air       #.........   100%        5
 Metabolic Englaciation   Hex/Ice        #.........   100%        5
 Silence                  Hex/Air        #.........   100%        5
 Yara's Violent Unravell  Hex/Tmut       #.........   100%        5
 Death Channel            Necr           #.........   100%        6
 Freezing Cloud           Conj/Ice/Air   #.........   100%        6
 Invisibility             Hex            #.......     100%        6
 Ozocubu's Refrigeration  Ice            #.........   100%        6
 Shadow Creatures         Summ           N/A          100%        6
 Simulacrum               Ice/Necr       #.........   100%        6
 Malign Gateway           Summ/Tloc      #.........   100%        7
 Orb of Destruction       Conj           #.........   100%        7
 Discord                  Hex            #.........   100%        8
 Death's Door             Necr           #.........   100%        9
 Sublimation of Blood     Necr           Unusable     N/A         2

Dungeon Overview and Level Annotations

Branches:
Dungeon (13/15)            Temple (0/1) D:5            Lair (6/6) D:9
  Swamp (4/4) Lair:2       Spider (4/4) Lair:2        Slime (5/5) Lair:6
    Orc (2/2) D:11            Elf (3/3) Orc:2        Vaults (5/5) D:13
  Crypt (0/3) Vaults:2      Sewer (visited)         Volcano (visited)

Altars:
Cheibriados
Dithmenos
Elyvilon
Fedhas
Hepliaklqana
Kikubaaqudgha
Makhleb
Nemelex Xobeh
Okawaru
Qazlal
Ru
Trog
Vehumet
Wu Jian
Yredelemnul
The Shining One
Beogh
Jiyva

Shops:
D:6 :*}[   D:8 (   D:13 !   Orc:2 [[((   Elf:1 (:   Elf:2 ((   Elf:3 [
Vaults:3 [=**[   Vaults:4 [


Innate Abilities, Weirdness & Mutations

You are resistant to torment.
Your stone body is resilient. (AC +18)
You are immune to poison.
Your large and strong wings let you fly indefinitely.
You resist negative energy. (rN+)
You are resistant to electric shocks. (rElec)
You can survive without breathing.
You are immune to petrification.
You are immune to rotting.
You are partially covered in slimy green scales. (AC +2)
You can translocate small distances at will.
Your spells are a little harder to cast, but a little more powerful.
Potions are less effective at restoring your health.


Message History

The azure jelly's shape twists and changes as it dies.
You slice the ancient lich!!
Your Axes skill increases to level 23!
Unknown command.
You block the ancient lich's attack.
SHROANNG!
The ancient lich touches you but does no damage.
You see here a glowing shapeshifter corpse.
You block the ancient lich's attack.
BONNNG!
You hear a shout! x2
Unknown command.
The ancient lich gestures at you while chanting.
The crystal spear hits you!!!!
* * * LOW HITPOINT WARNING * * *
Unknown command.
The ancient lich casts a spell at you. The bolt of acid hits you.
* * * LOW HITPOINT WARNING * * *
The acid corrodes you!
You are splashed with acid!
You die...

#..#..#φ.:....#...# ..
#..#.)
#..#..#.......#...# ...
#..#).
#..#..#[......#...#....
#..#))
#..#))#.......#####....
#..#.(
#..#..#......).........
#..#.)
#..#..########.....#
#..
#..#.........#†(...#
#..
#..#......[.(.L)...#
#..
#..#.........#.@...#
#..
#..#..########.....#
#.. #..#..# ...........
#.. #.†#..#
....#####.... #..
#..#..# ...... ....
#.(#..# ...... ... #
#.. #..#..# ...... ..
#..#.. #.(#..########
###..#.. #..#.......
....#..


You could see an ancient lich (fast).

Vanquished Creatures
  the Royal Jelly (Slime:5)
  3 ancient liches (Vaults:5)
  A golden dragon (Vaults:5)
  Jorgrun (Spider:3)
  A lich (Vaults:5)
  3 tentacled monstrosities
  2 deep elf blademasters
  5 titans
  A deep elf master archer (Elf:3)
  19 acid blobs
  2 quicksilver dragons (Vaults:5)
  6 sphinxes
  2 thorn hunters (Swamp:4)
  A shadow dragon (Vaults:5)
  6 tengu reavers (Vaults:5)
  Roxanne (Swamp:2)
  An azure jelly (shapeshifter) (Vaults:5)
  A storm dragon (Vaults:5)
  7 azure jellies
  2 fire giants
  5 frost giants
  2 iron dragons
  4 ghost moths (Spider:4)
  3 orc warlords
  Aizul (Spider:3)
  7 vault wardens
  7 deep elf elementalists
  A ghoul (Vaults:3)
  6 deep elf sorcerers
  A war gargoyle (Vaults:5)
  12 ironheart preservers
  4 emperor scorpions
  8 stone giants
  2 very ugly things (Vaults:5)
  5 entropy weavers
  5 deep elf demonologists
  4 deep elf annihilators
  6 bunyips
  5 spark wasps
  The ghost of Weeptyisk the Cleaver, a journeyman DDFi of Makhleb (Orc:1)
  3 ettins (Vaults:5)
  Snorg (D:10)
  5 deep elf death magi
  5 eleionomae
  8 death oozes
  4 deep elf high priests
  3 ice dragons
  14 yaktaur captains
  7 fire dragons
  10 great orbs of eyes
  The ghost of Nefuv the Blocker, a journeyman MiBe of Trog (Lair:3)
  The ghost of Zatibaps the Spry, a journeyman FeVM of Dithmenos (Swamp:2)
  7 ogre magi
  34 vault guards
  15 hydras
  A catoblepas (D:13)
  9 centaur warriors
  2 death knights
  3 ghost crabs
  6 boulder beetles
  A vampire mage (Swamp:3)
  31 two-headed ogres
  The ghost of Haraddelas the Transmogrifier, a journeyman OpTm of Okawaru (Lair:2)
  A merfolk avatar (Lair:6)
  24 dancing weapons
  A deep troll shaman (Vaults:2)
  A hell hog (Volcano)
  7 alligators
  5 deep troll earth magi
  2 orc high priests (Orc:2)
  Sonja (Lair:5)
  7 goliath frogs
  15 deep elf knights
  A shadow wraith (Vaults:4)
  2 small abominations (Elf:3)
  2 fire crabs
  6 skeletal warriors
  15 deep trolls
  A spectral hydra (Swamp:2)
  2 sea snakes (Lair:6)
  2 spriggan druids
  A large abomination (Elf:3)
  3 unseen horrors
  An unseen horror (shapeshifter) (Vaults:3)
  4 glowing orange brains
  2 wizards
  A lindwurm (Swamp:4)
  8 swamp dragons
  20 deep elf archers
  2 necromancers
  13 orc knights
  17 orb spiders
  4 bog bodies
  63 deep elf magi
  4 phantasmal warriors
  12 harpies
  12 ironbrand convokers
  A spectral alligator (Swamp:2)
  8 shining eyes
  24 wolf spiders
  10 ugly things
  2 moths of wrath
  A salamander (shapeshifter) (Vaults:4)
  5 orc sorcerers
  A manticore (D:11)
  6 elephants
  7 cyclopes
  4 will-o-the-wisps
  3 black mambas (shapeshifter)
  5 eyes of devastation
  3 black mambas
  The ghost of tzalcoatl the Slasher, a novice MiGl (D:4)
  2 molten gargoyles (Volcano)
  11 vault sentinels
  Maurice (Orc:1)
  3 torpor snails (Spider:3)
  Psyche (D:9)
  10 cane toads
  12 rime drakes
  6 freezing wraiths
  34 yaktaurs
  14 demonic crawlers
  3 human zombies (Vaults:4)
  A bunyip simulacrum (Swamp:2)
  2 ice devils (D:11)
  8 komodo dragons
  A merfolk (shapeshifter) (Vaults:3)
  29 jumping spiders
  A jumping spider (shapeshifter) (Vaults:5)
  A polar bear (shapeshifter) (Vaults:3)
  A queen bee (Lair:1)
  5 tyrant leeches
  8 polar bears
  5 trolls
  A wind drake (Lair:6)
  4 snapping turtles (D:12)
  109 slime creatures
  A spectral swamp dragon (Swamp:2)
  An eleionoma simulacrum (Swamp:2)
  38 blink frogs
  5 dream sheep (Lair:6)
  A redback (shapeshifter) (Vaults:1)
  20 hornets
  A stone giant simulacrum (Vaults:3)
  3 air elementals (Elf:1)
  4 shadows
  32 tarantellas
  13 spriggans
  5 water elementals
  A tarantella (shapeshifter) (Vaults:5)
  68 redbacks
  3 wraiths
  2 hogs (shapeshifter)
  A yak (shapeshifter) (Elf:3)
  13 golden eyes
  A human (shapeshifter) (Vaults:1)
  17 wyverns
  13 basilisks
  3 fire elementals
  6 fire bats (Volcano)
  41 yaks
  A yaktaur simulacrum (Vaults:2)
  4 steam dragons
  14 swamp worms
  2 vampire mosquitoes (D:12)
  A soldier ant (D:11)
  10 wargs
  4 acid dragons
  2 hell hounds (Volcano)
  14 water moccasins
  Purgy (Sewer)
  9 swamp drakes
  A sky beast (shapeshifter) (Vaults:5)
  42 orc warriors
  2 sky beasts (D:13)
  2 ice beasts
  A black bear (D:13)
  8 eyes of draining
  21 ogres
  17 boggarts
  A necrophage (D:8)
  A tengu (shapeshifter) (Elf:3)
  6 phantoms
  An elf skeleton (Vaults:4)
  4 wolves (Lair:3)
  15 centaurs
  4 big kobolds
  21 bullfrogs
  2 earth elementals (Elf:1)
  A scorpion (D:6)
  A blink frog simulacrum (Lair:2)
  2 orc simulacra (Orc:1)
  3 swamp dragon simulacra (Swamp:2)
  36 killer bees
  23 wights
  6 howler monkeys
  A vampire bat (Lair:6)
  A rime drake simulacrum (Lair:2)
  8 electric eels
  3 centaur zombies
  8 lava snakes
  3 bullfrog zombies
  A komodo dragon simulacrum (Lair:2)
  7 jellies
  23 orc priests
  2 wyvern simulacra (Lair:2)
  A bullfrog skeleton (D:11)
  31 orc wizards
  10 hounds
  2 centaur skeletons
  4 iguanas
  9 worker ants
  Natasha (thrice) (D:3)
  5 yak simulacra
  A hell rat (Lair:5)
  2 polar bear simulacra (Lair:6)
  A troll simulacrum (Orc:1)
  2 wolf simulacra (Lair:6)
  A bullfrog simulacrum (Lair:2)
  A basilisk simulacrum (Lair:2)
  2 hound skeletons
  Robin (D:3)
  3 worker ant zombies
  A howler monkey skeleton (D:11)
  10 adders
  3 shadow imps
  2 white imps
  An ufetubus (D:4)
  2 oozes
  An adder skeleton (D:8)
  6 worms
  2 dart slugs
  9 leopard geckos
  114 orcs
  4 ball pythons
  25 bats
  10 giant cockroaches
  11 goblins
  13 hobgoblins
  8 jackals
  30 kobolds
  6 quokkas
  4 frilled lizards
  2 jackal skeletons
  A leopard gecko skeleton (D:7)
  A leopard gecko zombie (D:8)
  18 rats
  3 river rat simulacra (Lair:6)
  2 briar patches (Swamp:4)
  2 crawling corpses (Elf:3)
1946 creatures vanquished.

Vanquished Creatures (others)
  An eleionoma (Swamp:4)
  2 deep elf high priests (Elf:3)
  An alligator (Swamp:3)
  A fire crab (Swamp:4)
  2 swamp dragons (Swamp:4)
  A bloated husk (Swamp:3)
  A slime creature (Slime:3)
  A redback (Spider:1)
  A steam dragon (Swamp:4)
  4 swamp drakes (Swamp:4)
  An ogre (Vaults:1)
  A spectral ogre (Orc:1)
  A spectral orc (Orc:1)
  9 briar patches (Swamp:4)
  A bush (Lair:6)
  2 foxfires (Swamp:1)
  43 fungi
  62 plants
135 creatures vanquished.

Grand Total: 2081 creatures vanquished

Notes
Turn   | Place    | Note
-------+----------+-------------------------------------------
     0 | D:1      | mhtbhm the Gargoyle Fighter began the quest for the Orb.
     0 | D:1      | Reached XP level 1. HP: 14/14 MP: 1/1
    96 | D:1      | Reached XP level 2. HP: 11/19 MP: 2/2
   461 | D:1      | Reached XP level 3. HP: 24/24 MP: 3/3
   767 | D:2      | Reached XP level 4. HP: 26/29 MP: 4/4
  1123 | D:2      | Found an iron altar of Okawaru.
  1144 | D:2      | Became a worshipper of Warmaster Okawaru
  1823 | D:3      | Noticed Robin
  1829 | D:3      | Reached XP level 5. HP: 33/33 MP: 5/5
  1837 | D:3      | Killed Robin
  2166 | D:3      | Reached skill level 1 in Dodging
  2315 | D:3      | Noticed Natasha
  2324 | D:3      | Killed Natasha
  2333 | D:3      | Noticed Natasha
  2343 | D:3      | Killed Natasha
  2444 | D:3      | Found a stormy altar of Qazlal.
  2505 | D:3      | Reached XP level 6. HP: 38/38 MP: 6/6
  2505 | D:3      | Noticed Natasha
  2511 | D:3      | Killed Natasha
  2537 | D:3      | Reached skill level 5 in Shields
  2773 | D:4      | Found a blossoming altar of Fedhas.
  3010 | D:4      | Reached * piety under Okawaru
  3054 | D:4      | Found a transporter.
  3067 | D:4      | Found a transporter.
  3067 | D:4      | Noticed tzalcoatl's ghost (novice MiGl)
  3100 | D:4      | Reached XP level 7. HP: 42/43 MP: 7/7
  3281 | D:4      | Got a sapphire hand axe
  3282 | D:4      | Identified the +9 hand axe of Evolution {vorpal, Fragile
                  | rF++ Dex+4} (You found it on level 4 of the Dungeon)
  3439 | D:4      | Reached skill level 1 in Axes
  3439 | D:4      | Reached skill level 5 in Armour
  3747 | D:4      | Killed tzalcoatl's ghost
  3747 | D:4      | Reached ** piety under Okawaru
  3748 | D:4      | Reached skill level 3 in Axes
  3748 | D:4      | Reached XP level 8. HP: 48/48 MP: 6/8
  3788 | D:5      | Entered Level 5 of the Dungeon
  3877 | D:5      | Found a bloodstained altar of Trog.
  3888 | D:5      | Reached skill level 4 in Axes
  3972 | D:5      | Found a staircase to the Ecumenical Temple.
  4091 | D:5      | Found a glowing drain.
  4113 | Sewer    | Entered a sewer
  4154 | Sewer    | Noticed Purgy
  4164 | Sewer    | Killed Purgy
  4165 | Sewer    | Reached skill level 5 in Axes
  4233 | D:5      | Reached skill level 1 in Stealth
  4233 | D:5      | Reached skill level 1 in Evocations
  4531 | D:5      | Found an ornate altar of the Wu Jian Council.
  4879 | D:6      | Reached skill level 6 in Axes
  4929 | D:6      | Reached skill level 7 in Axes
  4934 | D:6      | Reached XP level 9. HP: 26/53 MP: 9/9
  5260 | D:6      | Found Buetyhol's Antique Armour Boutique.
  5395 | D:6      | Found Texzopn's Gadget Shoppe.
  5398 | D:6      | Reached skill level 5 in Fighting
  5410 | D:6      | Reached *** piety under Okawaru
  5424 | D:6      | Reached skill level 8 in Axes
  5466 | D:6      | Found Xeliezaoff's Assorted Antiques.
  5491 | D:6      | Bought a murky golden potion for 25 gold pieces
  5491 | D:6      | Bought a wooden ring for 140 gold pieces
  5491 | D:6      | Bought a scroll of identify for 56 gold pieces
  5536 | D:6      | Received a gift from Okawaru
  5537 | D:6      | Reached skill level 9 in Axes
  5700 | D:6      | Found Waof's Antique Armour Shoppe.
  5704 | D:6      | Found Cetehoum's Book Shop.
  6748 | D:8      | Found Doiwk's Antique Weapon Boutique.
  6750 | D:8      | Reached skill level 10 in Axes
  6821 | D:8      | Reached XP level 10. HP: 60/60 MP: 10/10
  6845 | D:8      | Reached **** piety under Okawaru
  6846 | D:8      | Reached skill level 11 in Axes
  7389 | D:8      | Reached skill level 12 in Axes
  7854 | D:9      | Found an ancient bone altar of Kikubaaqudgha.
  7902 | D:9      | Found a staircase to the Lair.
  8283 | D:9      | Found a shadowy altar of Dithmenos.
  8507 | D:9      | Noticed Psyche
  8514 | D:9      | Killed Psyche
  8514 | D:9      | Reached ***** piety under Okawaru
  8612 | D:9      | Found a glowing golden altar of the Shining One.
  8614 | D:9      | Found a sacrificial altar of Ru.
  8617 | D:9      | Found a radiant altar of Vehumet.
  8618 | D:9      | Found a snail-covered altar of Cheibriados.
  8618 | D:9      | Found a sparkling altar of Nemelex Xobeh.
  8618 | D:9      | Found a white marble altar of Elyvilon.
  8620 | D:9      | Found a burning altar of Makhleb.
  8768 | Lair:1   | Entered Level 1 of the Lair of Beasts
  8934 | Lair:1   | Noticed a four-headed hydra
  8943 | Lair:1   | Killed a four-headed hydra
  8944 | Lair:1   | Reached skill level 13 in Axes
  8944 | Lair:1   | Reached XP level 11. HP: 52/66 MP: 11/11
  9039 | Lair:1   | Received a gift from Okawaru
  9042 | Lair:1   | Got an ancient broad axe {god gift}
  9068 | Lair:1   | Identified the +8 broad axe "Lesulaot" {venom, rC+ Str+2
                  | Int+3} (Okawaru gifted it to you on level 1 of the Lair of
                  | Beasts)
 10106 | Lair:2   | Noticed an eight-headed hydra
 10342 | Lair:2   | Noticed a five-headed hydra
 10361 | Lair:2   | Killed a five-headed hydra
 10461 | Lair:2   | Found a runed translucent gate.
 10462 | Lair:2   | Found a runed translucent gate.
 10463 | Lair:2   | Found a runed translucent gate.
 10541 | Lair:2   | Noticed Haraddelas's ghost (journeyman OpTm)
 10553 | Lair:2   | Reached skill level 10 in Shields
 10558 | Lair:2   | Received a gift from Okawaru
 10559 | Lair:2   | Reached skill level 14 in Axes
 10559 | Lair:2   | Reached XP level 12. HP: 72/72 MP: 9/12
 10569 | Lair:2   | Killed Haraddelas's ghost
 10569 | Lair:2   | Reached ****** piety under Okawaru
 10595 | Lair:2   | Got the ring "Dithrela" {Fire}
 10639 | Lair:2   | Killed an eight-headed hydra
 10804 | Lair:2   | Found a hole to the Spider Nest.
 11380 | Lair:2   | Found a staircase to the Swamp.
 11488 | Lair:3   | Noticed a five-headed hydra
 11505 | Lair:3   | Killed a seven-headed hydra
 11921 | Lair:3   | Noticed Nefuv's ghost (journeyman MiBe)
 11928 | Lair:3   | Found a transporter.
 11977 | Lair:3   | Identified the cursed +0 trident "Ytesen" {flame, *Noise
                  | *Drain rElec Dex+4}
 12083 | Lair:3   | Found a bloodstained altar of Trog.
 12096 | Lair:3   | Found a transporter.
 12246 | Lair:3   | Received a gift from Okawaru
 12256 | Lair:3   | Reached XP level 13. HP: 80/80 MP: 13/13
 12265 | Lair:3   | Killed Nefuv's ghost
 12458 | Lair:4   | Received a gift from Okawaru
 12472 | Lair:4   | Got a masterwork plate armour {god gift}
 12488 | Lair:4   | Identified the +8 plate armour of Ennui {+Fly Str+6 Dex-4}
                  | (Okawaru gifted it to you on level 4 of the Lair of Beasts)
 12536 | Lair:4   | Found a dark tunnel.
 12541 | Volcano  | Entered a volcano
 12980 | Volcano  | Found a burning altar of Makhleb.
 13017 | Volcano  | Reached skill level 15 in Axes
 13594 | Lair:4   | Reached skill level 10 in Armour
 14029 | Lair:4   | Found a hazy altar of Hepliaklqana.
 14446 | Lair:5   | Received a gift from Okawaru
 14879 | Lair:5   | Reached skill level 10 in Fighting
 14880 | Lair:5   | Gained mutation: Your large and strong wings let you fly
                  | indefinitely. [Gargoyle growth]
 14880 | Lair:5   | Reached XP level 14. HP: 54/88 MP: 14/14
 15235 | Lair:5   | Noticed Sonja
 15252 | Lair:5   | Killed Sonja
 15714 | Lair:6   | Entered Level 6 of the Lair of Beasts
 15714 | Lair:6   | Found a staircase to the Slime Pits.
 15735 | Lair:5   | Received a gift from Okawaru
 16079 | Lair:6   | Found the ring of the Mage {Wiz MR++ Int+3}
 16105 | Lair:6   | Got a brightly glowing morningstar
 17331 | D:10     | Entered Level 10 of the Dungeon
 17400 | D:10     | Noticed Snorg
 17417 | D:10     | Killed Snorg
 17418 | D:10     | Reached skill level 16 in Axes
 17602 | D:10     | Received a gift from Okawaru
 18092 | D:10     | Received a gift from Okawaru
 18190 | D:11     | Identified the +2 morningstar of Res Nullius {vorpal,
                  | +Blink Str+4 Dex+7} (You found it on level 6 of the Lair of
                  | Beasts)
 18416 | D:11     | Reached XP level 15. HP: 79/96 MP: 15/15
 18457 | D:11     | Found a staircase to the Orcish Mines.
 18853 | D:11     | Found an ornate altar of the Wu Jian Council.
 18891 | D:11     | Received a gift from Okawaru
 18902 | D:11     | Got a slimy hand axe {god gift}
 19693 | Orc:1    | Entered Level 1 of the Orcish Mines
 19767 | Orc:1    | Found a runed translucent gate.
 19767 | Orc:1    | Found a runed translucent gate.
 19767 | Orc:1    | Found a runed translucent gate.
 19767 | Orc:1    | Noticed Weeptyisk's ghost (journeyman DDFi)
 19897 | Orc:1    | Killed Weeptyisk's ghost
 19955 | Orc:2    | Entered Level 2 of the Orcish Mines
 20233 | Orc:2    | Noticed an orc warlord
 20274 | Orc:2    | Killed an orc warlord
 20655 | Orc:2    | Found Jydesaof's Antique Weapon Emporium.
 20657 | Orc:2    | Found a roughly hewn altar of Beogh.
 20658 | Orc:2    | Found Urghes's Antique Armour Shoppe.
 20685 | Orc:2    | Bought a pair of slimy boots for 256 gold pieces
 20695 | Orc:2    | Identified the +2 pair of boots of Whack-A-Mole {Str-2
                  | Int+4} (You bought it in a shop on level 2 of the Orcish
                  | Mines)
 20747 | Orc:2    | Found a roughly hewn altar of Beogh.
 20748 | Orc:2    | Found Atimi's Armour Boutique.
 20764 | Orc:2    | Found a staircase to the Elven Halls.
 20791 | Orc:2    | Found a roughly hewn altar of Beogh.
 20794 | Orc:2    | Noticed an orc warlord
 20829 | Orc:2    | Killed an orc warlord
 21019 | Orc:2    | Found a roughly hewn altar of Beogh.
 21020 | Orc:2    | Found Bipsoheps's Weapon Emporium.
 21514 | Orc:2    | Found a roughly hewn altar of Beogh.
 21564 | Orc:1    | Noticed Maurice
 21830 | Orc:1    | Killed Maurice
 21896 | Orc:1    | Received a gift from Okawaru
 22242 | Elf:1    | Entered Level 1 of the Elven Halls
 22390 | Elf:1    | Identified Qaqy's Collected Works on Summoning
 22415 | Elf:1    | Found Faoff's Antique Weapon Boutique.
 22775 | Elf:1    | Noticed an Ice Fiend
 22785 | Elf:1    | Reached XP level 16. HP: 46/105 MP: 13/16
 22937 | Elf:2    | Found a flickering gateway to a bazaar.
 22944 | Bazaar   | Entered a bazaar
 23175 | Bazaar   | Found Icush's Book Emporium.
 23190 | Bazaar   | Found Ricopt's Gadget Emporium.
 23190 | Bazaar   | Found Kaugade's Gadget Shoppe.
 23200 | Bazaar   | Bought a wand of acid (10) for 308 gold pieces
 23211 | Bazaar   | Found Xisy's Distillery.
 23211 | Bazaar   | Found Iciunnis's Magic Scroll Shoppe.
 23215 | Bazaar   | Bought a potion of invisibility for 72 gold pieces
 23215 | Bazaar   | Bought a potion of might for 36 gold pieces
 23215 | Bazaar   | Bought a potion of berserk rage for 45 gold pieces
 23215 | Bazaar   | Bought a potion of heal wounds for 45 gold pieces
 23215 | Bazaar   | Bought a potion of might for 36 gold pieces
 23221 | Bazaar   | Bought a scroll of enchant weapon for 82 gold pieces
 23221 | Bazaar   | Bought a scroll of identify for 22 gold pieces
 23223 | Bazaar   | Identified the +10 hand axe of Superiority {venom, rF+
                  | Stlth+} (Okawaru gifted it to you on level 11 of the
                  | Dungeon)
 23235 | Bazaar   | Found Henan's Assorted Antiques.
 23269 | Elf:2    | Received a gift from Okawaru
 23599 | Elf:3    | Entered Level 3 of the Elven Halls
 23651 | Elf:2    | Reached skill level 17 in Axes
 23769 | Elf:2    | Found Qachunil's Antique Weapon Emporium.
 23790 | Elf:2    | Found Isaphez's Antique Weapon Shoppe.
 23835 | Elf:2    | Got an ichor-stained cloak
 23856 | Elf:2    | Identified the cursed -2 cloak of the Endless Expanse
                  | {Int+6} (You found it on level 2 of the Elven Halls)
 23965 | Elf:2    | Found a huge runed translucent gate.
 23965 | Elf:2    | Found a huge runed translucent gate.
 23973 | Elf:2    | Reached skill level 15 in Shields
 23983 | Elf:2    | Found a huge runed translucent gate.
 23983 | Elf:2    | Found a huge runed translucent gate.
 23983 | Elf:2    | Found a huge runed translucent gate.
 24088 | Elf:2    | Received a gift from Okawaru
 24463 | Elf:2    | Noticed a deep elf blademaster
 24491 | Elf:2    | Killed a deep elf blademaster
 24620 | Elf:3    | Found Pemov's Armour Boutique.
 25050 | Elf:3    | Received a gift from Okawaru
 25074 | Elf:3    | Reached XP level 17. HP: 62/112 MP: 17/17
 25076 | Elf:3    | Got a crystal hand axe {god gift}
 25250 | Elf:3    | Reached skill level 5 in Evocations
 25301 | Elf:3    | Reached skill level 15 in Fighting
 25308 | Elf:3    | Noticed a deep elf blademaster
 25327 | Elf:3    | Noticed a deep elf master archer
 25340 | Elf:3    | Received a gift from Okawaru
 25344 | Elf:3    | Killed a deep elf master archer
 25358 | Elf:3    | Killed a deep elf blademaster
 25416 | Elf:3    | Identified the +7 executioner's axe "Mitotim" {vorpal, +Inv
                  | Str+4}
 26189 | Elf:3    | Received a gift from Okawaru
 26301 | Elf:3    | Identified the +5 hand axe "Foxaryutz" {flame, rF+ rC+
                  | MP+9} (Okawaru gifted it to you on level 3 of the Elven
                  | Halls)
 26337 | Elf:3    | Identified the Reference Book on Transformation and
                  | Sinister Arts
 26412 | Elf:3    | Got a jewelled hand axe
 26413 | Elf:3    | Identified the cursed +1 hand axe "Sonof" {distort, Str+2}
                  | (You found it on level 3 of the Elven Halls)
 26419 | Elf:3    | Got a brightly glowing morningstar
 26420 | Elf:3    | Identified the +3 morningstar of Inquiry {vorpal, rF+ rN+
                  | Str-5} (You found it on level 3 of the Elven Halls)
 26471 | Elf:3    | Got a shimmering helmet
 26482 | Elf:3    | Identified the +5 helmet of Iwadd {MR+} (You found it on
                  | level 3 of the Elven Halls)
 26907 | Elf:1    | Found Bokisij's One-of-a-Kind Books.
 26914 | Elf:1    | Gained mutation: Scrolls take you a little longer to read.
                  | [a neqoxec]
 27531 | D:12     | Reached skill level 18 in Axes
 28399 | D:13     | Found a blossoming altar of Fedhas.
 28464 | D:13     | Found Isoeses's Distillery.
 28488 | D:13     | Bought a potion of heal wounds for 80 gold pieces
 28556 | D:13     | Found a gate to the Vaults.
 28561 | D:13     | Received a gift from Okawaru
 28622 | D:13     | Identified a +0 pair of boots of running (Okawaru gifted it
                  | to you on level 13 of the Dungeon)
 28648 | D:13     | Reached XP level 18. HP: 102/120 MP: 18/18
 28801 | D:13     | Found the amulet of Vitality {Regen+ HP+15}
 29886 | Spider:1 | Entered Level 1 of the Spider Nest
 30382 | Spider:1 | You are sucked into a shaft and drop 1 floor!
 30387 | Spider:2 | You are sucked into a shaft and drop 1 floor!
 30578 | Spider:3 | Noticed Aizul
 30578 | Spider:3 | Noticed Jorgrun
 30595 | Spider:3 | Killed Jorgrun
 30600 | Spider:3 | Killed Aizul
 31008 | Spider:3 | Received a gift from Okawaru
 31453 | Spider:3 | You are sucked into a shaft and drop 1 floor!
 31453 | Spider:4 | Entered Level 4 of the Spider Nest
 31663 | Spider:4 | Reached skill level 19 in Axes
 31799 | Spider:4 | Got a gossamer rune of Zot
 31993 | Spider:4 | Reached XP level 19. HP: 128/128 MP: 0/19
 32810 | Spider:2 | Received a gift from Okawaru
 32818 | Spider:2 | Got a scorched war axe {god gift}
 32819 | Spider:2 | Identified the +9 war axe of Terra Cotta {speed, rElec
                  | rF++} (Okawaru gifted it to you on level 2 of the Spider
                  | Nest)
 33458 | Slime:1  | Entered Level 1 of the Pits of Slime
 33754 | Slime:1  | You are sucked into a shaft and drop 1 floor!
 33754 | Slime:2  | Gained mutation: You occasionally shout uncontrollably at
                  | your foes. [a shining eye]
 34085 | Slime:1  | Gained mutation: You tend to lose your temper in combat. [a
                  | shining eye]
 34118 | Slime:1  | Gained mutation: You are dopey. (Int -2) [a shining eye]
 34121 | Slime:1  | Gained mutation: Your spells are a little easier to cast,
                  | but a little less powerful. [a shining eye]
 34123 | Slime:1  | Gained mutation: You often lose your temper in combat. [a
                  | shining eye]
 34126 | Slime:1  | Lost mutation: Your spells are a little easier to cast, but
                  | a little less powerful. [a shining eye]
 34306 | Slime:2  | Received a gift from Okawaru
 34309 | Slime:2  | Got a fine buckler {god gift}
 34320 | Slime:2  | Identified the +3 buckler "Jojudwu" {Str+4 Slay-5} (Okawaru
                  | gifted it to you on level 2 of the Pits of Slime)
 34530 | Slime:2  | Gained mutation: You are weak. (Str -2) [a shining eye]
 35529 | Slime:3  | Reached skill level 20 in Axes
 35709 | Slime:3  | Gained mutation: You are very weak. (Str -4) [a shining
                  | eye]
 35860 | Slime:3  | Lost mutation: You often lose your temper in combat.
                  | [potion of mutation]
 35860 | Slime:3  | Lost mutation: You are very weak. (Str -4) [potion of
                  | mutation]
 35860 | Slime:3  | Lost mutation: You are dopey. (Int -2) [potion of mutation]
 35860 | Slime:3  | Gained mutation: You do not regenerate when monsters are
                  | visible. [potion of mutation]
 35860 | Slime:3  | Gained mutation: You have large cloven feet. [potion of
                  | mutation]
 35861 | Slime:3  | Lost mutation: Scrolls take you a little longer to read.
                  | [potion of mutation]
 35861 | Slime:3  | Lost mutation: You are weak. (Str -2) [potion of mutation]
 35861 | Slime:3  | Gained mutation: You are weak. (Str -2) [potion of
                  | mutation]
 35861 | Slime:3  | Gained mutation: Your magical capacity is low. (-10% MP)
                  | [potion of mutation]
 35861 | Slime:3  | Lost mutation: You tend to lose your temper in combat.
                  | [potion of mutation]
 35862 | Slime:3  | Lost mutation: You have large cloven feet. [potion of
                  | mutation]
 35862 | Slime:3  | Lost mutation: Your magical capacity is low. (-10% MP)
                  | [potion of mutation]
 35862 | Slime:3  | Lost mutation: You are weak. (Str -2) [potion of mutation]
 35862 | Slime:3  | Lost mutation: You do not regenerate when monsters are
                  | visible. [potion of mutation]
 35862 | Slime:3  | Gained mutation: You expend magic power (3 MP) to
                  | strengthen your wands. [potion of mutation]
 35862 | Slime:3  | Gained mutation: Your spells are a little harder to cast,
                  | but a little more powerful. [potion of mutation]
 36290 | Slime:4  | Reached XP level 20. HP: 126/136 MP: 20/20
 36584 | Slime:5  | Entered Level 5 of the Pits of Slime
 36594 | Slime:5  | Gained mutation: Your magical capacity is low. (-10% MP) [a
                  | shining eye]
 36597 | Slime:5  | Gained mutation: Scrolls take you a little longer to read.
                  | [a shining eye]
 36775 | Slime:5  | Found a viscous altar of Jiyva.
 36883 | Slime:5  | Noticed the Royal Jelly
 36901 | Slime:5  | Killed the Royal Jelly
 37176 | Slime:5  | Gained mutation: Your body sometimes deteriorates upon
                  | taking damage. [a shining eye]
 37177 | Slime:5  | Lost mutation: Your spells are a little harder to cast, but
                  | a little more powerful. [a shining eye]
 37180 | Slime:5  | Received a gift from Okawaru
 37200 | Slime:5  | Found the +4 dagger "Morg" {pain, MR+ Int+5}
 37643 | Slime:5  | Got a slimy rune of Zot
 37664 | Slime:5  | Got a sapphire war axe
 37699 | Slime:5  | Got a polished morningstar
 37767 | Slime:5  | Identified the +4 war axe of the Lusting Moth {flame,
                  | *Corrode Str+2 Int+5 Dex+4} (You found it on level 5 of the
                  | Pits of Slime)
 37769 | Slime:5  | Identified the +11 morningstar of Tashro {protect, rF+}
                  | (You found it on level 5 of the Pits of Slime)
 37858 | Slime:5  | Gained mutation: Potions are less effective at restoring
                  | your health. [a shining eye]
 38711 | Lair:6   | Lost mutation: Your magical capacity is low. (-10% MP)
                  | [potion of mutation]
 38711 | Lair:6   | Lost mutation: Your body sometimes deteriorates upon taking
                  | damage. [potion of mutation]
 38711 | Lair:6   | Gained mutation: You have a somewhat thin skeletal
                  | structure. (Dex +2, Stealth) [potion of mutation]
 38711 | Lair:6   | Gained mutation: Armour fits poorly on your strangely
                  | shaped body. [potion of mutation]
 38711 | Lair:6   | Gained mutation: You can translocate small distances at
                  | will. [potion of mutation]
 38712 | Lair:6   | Lost mutation: Armour fits poorly on your strangely shaped
                  | body. [potion of mutation]
 38712 | Lair:6   | Lost mutation: You have a somewhat thin skeletal structure.
                  | (Dex +2, Stealth) [potion of mutation]
 38712 | Lair:6   | Lost mutation: You occasionally shout uncontrollably at
                  | your foes. [potion of mutation]
 38712 | Lair:6   | Lost mutation: You expend magic power (3 MP) to strengthen
                  | your wands. [potion of mutation]
 38712 | Lair:6   | Gained mutation: You are covered in fur. (AC +1) [potion of
                  | mutation]
 38712 | Lair:6   | Gained mutation: You are partially covered in slimy green
                  | scales. (AC +2) [potion of mutation]
 38713 | Lair:6   | Lost mutation: Scrolls take you a little longer to read.
                  | [potion of mutation]
 38713 | Lair:6   | Lost mutation: You are covered in fur. (AC +1) [potion of
                  | mutation]
 38713 | Lair:6   | Gained mutation: Your magical capacity is low. (-10% MP)
                  | [potion of mutation]
 38713 | Lair:6   | Lost mutation: Your magical capacity is low. (-10% MP)
                  | [potion of mutation]
 38713 | Lair:6   | Gained mutation: Your spells are a little harder to cast,
                  | but a little more powerful. [potion of mutation]
 39281 | Swamp:1  | Entered Level 1 of the Swamp
 39473 | Swamp:1  | Received a gift from Okawaru
 40097 | Swamp:2  | Found a runed translucent gate.
 40097 | Swamp:2  | Found a runed translucent gate.
 40097 | Swamp:2  | Found a runed translucent gate.
 40099 | Swamp:2  | Noticed Zatibaps's ghost (journeyman FeVM)
 40165 | Swamp:2  | Killed Zatibaps's ghost
 40256 | Swamp:2  | Noticed Roxanne
 40283 | Swamp:2  | Killed Roxanne
 40283 | Swamp:2  | Received a gift from Okawaru
 40355 | Swamp:2  | Got a slimy broad axe {god gift}
 40356 | Swamp:2  | Identified the +3 broad axe "Kiafyot" {vamp, Dex+4}
                  | (Okawaru gifted it to you on level 2 of the Swamp)
 40367 | Swamp:2  | Identified a scroll of acquirement
 40368 | Swamp:2  | Acquired 1219 gold pieces
 41027 | Swamp:4  | Entered Level 4 of the Swamp
 41183 | Swamp:4  | Reached XP level 21. HP: 144/144 MP: 21/21
 41267 | Swamp:4  | Found a basalt altar of Yredelemnul.
 41524 | Swamp:4  | Received a gift from Okawaru
 41536 | Swamp:4  | Reached skill level 21 in Axes
 41596 | Swamp:4  | Got a decaying rune of Zot
 42051 | Swamp:1  | Got an ichor-stained hand axe {god gift}
 42052 | Swamp:1  | Identified the +1 hand axe of Quantum Leap {vorpal, Int+5}
                  | (Okawaru gifted it to you on level 1 of the Swamp)
 42830 | Vaults:1 | Entered Level 1 of the Vaults
 43064 | Vaults:1 | Received a gift from Okawaru
 43067 | Vaults:1 | Got a translucent hat {god gift}
 43078 | Vaults:1 | Identified the +0 hat of Okawaru's Delight {*Contam Regen+
                  | Str+3 Int+5} (Okawaru gifted it to you on level 1 of the
                  | Vaults)
 44192 | Vaults:1 | Received a gift from Okawaru
 44640 | Vaults:2 | Reached XP level 22. HP: 152/152 MP: 22/22
 44678 | Vaults:2 | Found a staircase to the Crypt.
 45807 | Vaults:3 | Found Heypas's General Store.
 45819 | Vaults:3 | Received a gift from Okawaru
 45847 | Vaults:3 | Found a portal to a secret trove of treasure.
 45858 | Trove    | Entered a treasure trove
 45894 | Trove    | Identified Sif Muna's Compendium of Ghastly Arcane Weapons
 45897 | Trove    | Identified Sif Muna's Volume of Cankerous Battle Magic
 45999 | Vaults:3 | Found Gayrrat's Armour Shop.
 46534 | Vaults:3 | Found Vitahe's Jewellery Emporium.
 46707 | Vaults:3 | Found Uditaits's Armour Emporium.
 46715 | Vaults:3 | Bought the +18 shield of the Gong {rElec rN+ MR+ EV-5} for
                  | 1264 gold pieces
 46715 | Vaults:3 | Found the +18 shield of the Gong {rElec rN+ MR+ EV-5}
 46973 | Vaults:3 | Found Xaecelaf's General Store.
 46979 | Vaults:3 | Bought a scroll of enchant weapon for 120 gold pieces
 47175 | Vaults:4 | Reached skill level 22 in Axes
 47606 | Vaults:4 | Found Agauv's Armour Boutique.
 48160 | Vaults:5 | Entered Level 5 of the Vaults
 48185 | Vaults:5 | Reached XP level 23. HP: 101/160 MP: 23/23
 48861 | Vaults:5 | Noticed an ancient lich
 48873 | Vaults:5 | Noticed an ancient lich
 48877 | Vaults:5 | Noticed an ancient lich
 48935 | Vaults:5 | Received a gift from Okawaru
 49158 | Vaults:5 | Noticed a golden dragon
 49175 | Vaults:5 | Killed a golden dragon
 49253 | Vaults:5 | Killed an ancient lich
 49589 | Vaults:5 | Reached XP level 24. HP: 164/169 MP: 23/23
 49642 | Vaults:5 | Reached skill level 15 in Armour
 49650 | Vaults:5 | Killed an ancient lich
 49683 | Vaults:5 | Killed an ancient lich
 49977 | Vaults:5 | Identified the +4 ring mail of the Watchman {Str+4 SInv}
 49978 | Vaults:5 | Noticed an ancient lich
 49990 | Vaults:5 | Received a gift from Okawaru
 49999 | Vaults:5 | Reached skill level 23 in Axes
 50001 | Vaults:5 | HP: 9/185 [ancient lich/crystal spear (78)]
 50002 | Vaults:5 | Splashed by an ancient lich's acid

Illustrated notes

Levels and vault maps discovered:
D:1:      scummos_arrival_simple_fountains, layout_rooms, amethyst_killhole
D:2:      minmay_razor_zed, layout_loops_ring, lemuel_doored_altar
D:3:      layout_loops_ring, lemuel_coloured_pillars_altar, uniq_natasha,
          uniq_robin
D:4:      layout_loops_cross, nicolae_overflow_crystal_walls,
          gammafunk_ghost_arena, minmay_manual_macuahuitl
D:5:      layout_loops_ring, lemuel_round_altar, trog_eyes_of_draining,
          minmay_temple_entry_metal_lava, portal_sewer_entry_a
D:6:      layout_loops_corners, serial_shops, shop_fountains, shop,
          nicolae_shop_behind_doors, shop, nicolae_shop_statue_plus,
          chequers_serial_rivers_marsh
D:7:      layout_basic
D:8:      minmay_clustersquares, layout_loops_corners, serial_shops, shop
D:9:      layout_stronghold, minitemple, grunt_dithmenos_smoke,
          lair_entry_dummy, basic_altar, kennysheep_windowed_goal, uniq_psyche
D:10:     layout_basic, onia_ninara_dug_in_and_dangerous, uniq_snorg
D:11:     layout_grid_maze, david_orc_1_choice, portal_ice_cave_demonic_guard,
          minmay_ruined_shrine
D:12:     wad_bat_island, layout_loops_ring
D:13:     layout_roguey, erik_vaults_1, serial_shops, nicolae_shop_statue_plus,
          fedhas_altar_1
Lair:1:   layout_long_grid, special_room [special_room_bee], minivault_26,
          fungi_pond_lemuel, serial_bayou_shore_a
Lair:2:   layout_regular_city, palyth_hydra_swamp_entry, spider_nest_entry_webs,
          gammafunk_ghost_icy
Lair:3:   layout_loops_ring, gammafunk_ghost_wrathful_warriors,
          grunt_megastairs_5
Lair:4:   layout_hall_layers, basic_altar, enter_volcano_4,
          cheibrodos_lair_lostbears, serial_bayou_shore_b
Lair:5:   layout_roguey, special_room [special_room_mythical_zoo],
          chequers_serial_rivers_small_a, grunt_forest_small_clearing_treed,
          serial_bayou_shore_b, grunt_megastairs_1, uniq_sonja
Lair:6:   gammafunk_lair_ancient_temple, layout_regular_city,
          minmay_slime_entry_pillars, roderic_batcave, eino_house_with_fridge
Swamp:1:  layout_basic_swamp, nicolae_swamp_very_dense_foliage
Swamp:2:  layout_falls_marsh, gammafunk_ghost_necromancy,
          evilmike_swamp_ruin_house_3, swamp_pool3, uniq_roxanne
Swamp:3:  layout_basic_swamp, nicolae_swamp_triple_paths, swamp_pool1,
          cheibrodos_swamp_pet_leeches
Swamp:4:  swamp_fiery, layout_basic_swamp, swamp_pool1, lemuel_altar_in_water
Spider:1: layout_spider_delve
Spider:2: layout_spider_delve, hangedman_spider_trapstep
Spider:3: layout_spider_delve, uniq_jorgrun, uniq_aizul
Spider:4: spider_rune_water
Slime:1:  layout_caves
Slime:2:  layout_caves, cheibrodos_slime_lost_civilization_5
Slime:3:  layout_caves
Slime:4:  layout_caves
Slime:5
Orc:1:    layout_caves, gammafunk_ghost_necromancy, uniq_maurice
Orc:2:    grunt_orc_community_town_hall, layout_caves,
          grunt_orc_community_big_house_1, grunt_orc_community_big_house_1,
          grunt_orc_community_house_1, grunt_orc_community_house_3,
          grunt_orc_community_house_3, grunt_orc_community_house_1,
          grunt_orc_community_house_2, mines_bat_river
Elf:1:    minmay_elf_arrival_plus, layout_loops_cross, serial_shops,
          nicolae_shop_waterfront, minmay_elf_demonology, grunt_ministairs_2,
          st_stairs_3, nicolae_rare_books
Elf:2:    layout_rooms, serial_shops, bzr_entry_islet, minmay_shoptagon
Elf:3:    minmay_elf_hall_curves, layout_rooms, serial_shops,
          nicolae_shop_crystal, roderic_lattice_octagonal_star
Vaults:1: hangedman_vaults_pinch, vaults_standard_mumra_lines, v_rooms_5,
          vaults_mumra_chevron, nicolae_vaults_minivaults,
          hangedman_vaults_stitches, hangedman_vaults_nodes,
          hangedman_vaults_cutoff, vaults_dpeg_hooks, vaults_mumra_lcd,
          nicolae_vaults_circle_grid_a, vaults_room_stairs_pillars,
          layout_vaults_omnibox
Vaults:2: hangedman_vaults_maws, hangedman_vaults_restitches, vaults_room_pools,
          nicolae_vaults_little_squares_2, vaults_dpeg_cross,
          nicolae_vaults_gold_heap, nicolae_vaults_little_squares_5,
          ontoclasm_vaults_decontamination, layout_vaults_omnigrid
Vaults:3: v_alt_pattern_2, vaults_dpeg_ring, vaults_dpeg_doors, v_misc_14,
          v_rooms_2, v_alt_pattern_1, nicolae_vaults_circle_grid_b, v_misc_13,
          v_rooms_4, vaults_mumra_hexcomb, vaults_room_hallway,
          layout_vaults_ring, nicolae_trove_entry_isolated, serial_shops, shop,
          nicolae_shop_crystal, shop, shop_coins, shop
Vaults:4: nicolae_vaults_circle_grid_b, grunt_vaults_twisty,
          hangedman_vaults_corner, nicolae_vaults_three_branches,
          nicolae_vaults_diagonal_hallway_7, vaults_room_fours,
          ontoclasm_vaults_eye, nicolae_vaults_angled_halls,
          vaults_dpeg_diagonal, ontoclasm_vaults_chip, layout_vaults_big_room,
          serial_shops, shop_fountains
Vaults:5: serial_shops

Skill      XL: |  1  2  3  4  5  6  7  8  9 10 11 12 13 14 15 16 17 18 19 20 21 22 23 24 |
---------------+-------------------------------------------------------------------------+-----
Shields        | 4 5 6 7 8 10 11 12 13 14 15 16 17 18 19 20 21 | 21.2
Armour         | 4 5 6 8 9 10 11 12 13 14 15 | 15.2
Dodging        | 1 2 3 4 |  4.2
Maces & Flails | 3 4 |  4.2
Fighting       | 4 5 6 7 8 10 12 13 14 16 17 18 19 20 21 22 | 22.9
Axes           | 3 7 10 13 14 15 16 17 18 19 20 21 22 23 | 23.0
Stealth        | 1 3 4 |  4.9
Evocations     | 1 2 4 5 |  5.1
Invocations    | |  0.3

Action                   |  1- 3 |  4- 6 |  7- 9 | 10-12 | 13-15 | 16-18 | 19-21 | 22-24 || total
-------------------------+-------+-------+-------+-------+-------+-------+-------+-------++-------
Melee: Flail             |    90 |       |       |       |       |       |       |       ||    90
       Whip              |    62 |   271 |    23 |       |       |       |       |       ||   356
       Hand axe          |       |       |   224 |   581 |  1360 |   528 |       |       ||  2693
       Broad axe         |       |       |       |       |       |   686 |   397 |       ||  1083
       War axe           |       |       |       |       |       |       |  1184 |   964 ||  2148
Invok: Heroism           |       |       |     1 |     1 |     1 |     1 |     1 |       ||     5
 Abil: Fly               |       |       |       |       |     1 |       |       |       ||     1
Evoke: Wand              |       |       |    10 |    37 |    34 |     1 |       |       ||    82
       Condenser vane    |       |       |       |     2 |     2 |     4 |     4 |     2 ||    14
  Use: Scroll            |       |     6 |    13 |     6 |     6 |    11 |    15 |     2 ||    59
       Potion            |       |       |     2 |     1 |     1 |       |    13 |     1 ||    18
 Stab: Paralysed         |       |       |     5 |       |     2 |       |       |       ||     7
       Confused          |       |       |       |    10 |     1 |    17 |       |       ||    28
       Petrified         |       |       |       |       |       |     6 |       |       ||     6
       Distracted        |       |       |       |       |       |       |       |     1 ||     1
Armor: Scale mail        |   106 |    94 |     8 |       |       |       |       |       ||   208
       Plate armour      |       |       |   108 |   315 |   463 |   544 |   852 |   367 ||  2649
Dodge: Dodged            |    64 |    60 |    41 |   171 |   327 |   213 |   359 |   105 ||  1340
Block: Kite shield       |    96 |   113 |   113 |   302 |   506 |       |       |   788 ||  1918
       Tower shield      |       |       |       |       |   187 |  1122 |  1326 |   244 ||  2879

Table legend: (Time is in decaauts)
 A = Elapsed time spent in this place.
 B = Non-inter-level travel time spent in this place.
 C = Inter-level travel time spent in this place.
 D = Time resting spent in this place.
 E = Time spent auto-exploring this place.
 F = Levels seen in this place.
 G = Mean time per level.
                   A        B        C        D        E       F      G
               +--------+--------+--------+--------+--------+-----+--------+
         Total |  46733 |  45943 |    790 |   7999 |  22678 |  46 | 1015.9 |
       Dungeon |  13412 |  12978 |    434 |    728 |   7730 |  13 | 1031.7 |
          Lair |   8421 |   8253 |    168 |    918 |   4399 |   6 | 1403.5 |
         Swamp |   2430 |   2402 |     28 |    286 |   1357 |   4 |  607.5 |
   Spider Nest |   3051 |   3024 |     27 |    432 |   1479 |   4 |  762.8 |
    Slime Pits |   4838 |   4838 |      0 |   2448 |   1175 |   5 |  967.6 |
  Orcish Mines |   2584 |   2584 |      0 |    318 |   1383 |   2 | 1292.0 |
   Elven Halls |   4673 |   4583 |     90 |   1395 |   1688 |   3 | 1557.7 |
        Vaults |   5956 |   5915 |     41 |   1241 |   2887 |   5 | 1191.2 |
        Bazaar |    316 |    316 |      0 |    217 |     92 |   1 |  316.0 |
         Trove |    107 |    107 |      0 |      0 |     44 |   1 |  107.0 |
         Sewer |    102 |    102 |      0 |      0 |     21 |   1 |  102.0 |
       Volcano |    839 |    839 |      0 |     13 |    420 |   1 |  839.0 |
               +--------+--------+--------+--------+--------+-----+--------+

Top non-repeatable levels by time:
   Orc:2: 1902 daAuts
   Elf:2: 1818 daAuts
  Lair:2: 1799 daAuts
  Lair:5: 1719 daAuts
    D:11: 1696 daAuts
   Elf:3: 1662 daAuts
  Lair:1: 1595 daAuts
Vaults:4: 1456 daAuts
     D:6: 1312 daAuts
Vaults:1: 1290 daAuts
Vaults:3: 1266 daAuts
     D:2: 1243 daAuts
     D:9: 1231 daAuts
  Lair:6: 1194 daAuts
   Elf:1: 1192 daAuts
